 Dungeon Crawl Stone Soup version 0.25.0-9-g26727b657a (webtiles) character file.

Game seed: 11467295308884695453

6255 theswoord the Carver (level 10, -2/70 HPs)
             Began as a Demonspawn Gladiator on June 16, 2020.
             Was a Priest of Wu Jian.
             Slain by a yak (6 damage)
             ... on level 8 of the Dungeon.
             The game lasted 00:09:38 (9596 turns).

theswoord the Carver (Demonspawn Gladiator)         Turns: 9596, Time: 00:09:39

Health: -2/70      AC: 11    Str: 15    XL:     10   Next: 62%
Magic:  0/10       EV: 11    Int: 10    God:    Wu Jian [***...]
Gold:   553        SH:  0    Dex: 17    Spells: 9/9 levels left

rFire    + . .     SeeInvis .   a - +0 long sword
rCold    . . .     Gourm    .   (no shield)
rNeg     . . .     Faith    .   j - +0 scale mail
rPois    .         Spirit   +   (helmet restricted)
rElec    .         Reflect  .   m - +0 cloak
rCorr    .         Harm     .   (no gloves)
MR       .....                  (no boots)
Stlth    ..........             (no amulet)
HPRegen  0.21/turn              r - ring of protection from fire
MPRegen  0.12/turn              (no ring)

@: no status effects
A: horns 2, iridescent scales 2, spiny 1, magic shield
a: Wall Jump, Serpent's Lash, Renounce Religion


You were on level 8 of the Dungeon.
You worshipped Wu Jian.
Wu Jian was most pleased with you.
You were not hungry.

You visited 1 branch of the dungeon, and saw 9 of its levels.

You collected 553 gold pieces.

Inventory:

Hand Weapons
 a - a +0 long sword (weapon)
 o - a +1 war axe of electrocution
Missiles
 d - 4 throwing nets (quivered)
Armour
 b - a +0 leather armour
 c - a +0 helmet
 e - a +0 pair of gloves
 j - a +0 scale mail (worn)
 m - a +0 cloak (worn)
Jewellery
 q - a cursed ring of teleportation {unknown}
 r - a ring of protection from fire (left hand)
 A - an uncursed amulet of regeneration {unknown}
Wands
 w - a wand of paralysis (12)
Scrolls
 g - 13 scrolls of identify
 i - 3 scrolls of remove curse
 l - a scroll of amnesia {unknown}
 s - a scroll of fog {unknown}
 u - 3 scrolls of magic mapping
 v - a scroll of enchant weapon {unknown}
 x - a scroll of teleportation
 y - a scroll of blinking {unknown}
Potions
 h - 3 potions of curing
 k - a potion of flight
 n - a potion of brilliance
 t - 4 potions of stabbing
 z - a potion of lignification {unknown}
Comestibles
 f - 14 rations


   Skills:
 * Level 3.4 Fighting
 - Level 14.0 Long Blades
 - Level 1.7 Throwing
 + Level 1.5 Armour
 + Level 3.2 Dodging


You had 9 spell levels left.
You didn't know any spells.
Your spell library contained the following spells:

 Spells                   Type           Power        Failure   Level  Hunger
 Animate Skeleton         Necr           N/A          83%         1    ##.....
 Corona                   Hex            #......      83%         1    ##.....
 Pain                     Necr           #...         83%         1    ##.....
 Ensorcelled Hibernation  Hex/Ice        #.....       92%         2    ###....
 Confusing Touch          Hex            #.......     99%         3    ####...
 Dazzling Flash           Conj/Hex       #.....       99%         3    ####...
 Tukima's Dance           Hex            #.......     99%         3    ####...
 Vampiric Draining        Necr           #.........   99%         3    ####...
 Animate Dead             Necr           N/A          100%        4    #####..
 Leda's Liquefaction      Hex/Erth       #.........   100%        4    #####..
 Agony                    Necr           #.......     100%        5    ######.
 Bolt of Magma            Conj/Fire/Erth #.........   100%        5    ######.
 Iron Shot                Conj/Erth      #.........   100%        6    #######
 Statue Form              Tmut/Erth      #........    100%        6    #######
 Shatter                  Erth           #.........   100%        9    #######


Dungeon Overview and Level Annotations

Branches:
Dungeon (9/15)             Temple (0/1) D:6
   Lair: D:8-11         Orc: D:9-12

Altars:
Cheibriados
Fedhas
Nemelex Xobeh
Okawaru
Qazlal
Uskayaw
Wu Jian
Xom
Yredelemnul

Shops:
D:4 :   D:8 !


Innate Abilities, Weirdness & Mutations

You have a pair of horns on your head.
You are mostly covered in iridescent scales. (AC +4)
You are partially covered in sharp spines.
When hurt, damage is shared between your health and your magic reserves.


Message History

The yak is struck by your spines. The yak misses you.
Your +1 war axe of electrocution stops crackling.
a - a +0 long sword (weapon)
The yak gores you but does no damage. The yak is struck by your spines.
The yak gores you.
* * * LOW HITPOINT WARNING * * *
You closely miss the yak.
The yak is severely wounded.
You hit the yak. You headbutt the yak.
The yak is almost dead.
The yak gores you.
* * * LOW HITPOINT WARNING * * *
The yak gores you.
* * * LOW HITPOINT WARNING * * *
Your scale mail prevents you from hitting the yak.
The yak is almost dead.
The yak gores you!
* * * LOW HITPOINT WARNING * * *
The yak gores you!
You die...

........._# #...#
.......#### #...# .......#
###...# ###########.....#
..#####....##...##
...............)>#
..#####.##.####.Y# ######
..# #.#...# #YY# #....#
..#####.#...####@# #....#
..##........'....## #....#
..##....#...###...###....#
####....#...# #.....#....#
#....#...# ##..#.#....#
#....#...# #.........#
#....#...# #.#.##....#
#....#...# #.#.##....###
#..###...# ####..#......#


You could see 3 yaks.

Vanquished Creatures
  2 two-headed ogres (D:8)
  Pikel (D:6)
  Grinder (D:5)
  2 hippogriffs
  A yak (D:7)
  Grum (D:9)
  A human (D:7)
  3 hogs (D:7)
  Menkaure (D:5)
  A phantom (D:6)
  Duvessa (D:5)
  3 sky beasts
  A slave (D:6)
  3 ogres
  A necrophage (D:9)
  3 wolves (D:9)
  5 centaurs
  A crocodile (D:8)
  A big kobold (D:8)
  5 bullfrogs
  Dowan (D:5)
  2 scorpions
  3 jellies
  5 howler monkeys
  2 centaur zombies (D:8)
  3 crimson imps
  2 quasits
  A hound (D:7)
  2 orc priests (D:4)
  A bullfrog skeleton (D:8)
  A centaur skeleton (D:7)
  2 iguanas
  An orc wizard (D:6)
  Ijyb (D:5)
  3 worker ants
  A killer bee zombie (D:8)
  9 adders
  An ooze (D:2)
  A worm (D:6)
  7 leopard geckos
  20 orcs
  8 bats
  5 giant cockroaches
  7 goblins
  8 hobgoblins
  4 quokkas
  A ball python skeleton (D:4)
  6 frilled lizards
  2 gnoll zombies (D:8)
  11 kobolds
  2 leopard gecko skeletons
  A quokka skeleton (D:5)
  10 rats
172 creatures vanquished.

Vanquished Creatures (others)
  A slave (D:6)
  An adder (D:6)
  3 jackals (D:6)
5 creatures vanquished.

Grand Total: 177 creatures vanquished

Notes
Turn   | Place    | Note
-------+----------+-------------------------------------------
     0 | D:1      | theswoord the Demonspawn Gladiator began the quest for the
                  | Orb.
     0 | D:1      | Reached XP level 1. HP: 16/16 MP: 1/1
   195 | D:1      | Reached skill level 3 in Long Blades
   263 | D:1      | Gained mutation: You are partially covered in sharp spines.
                  | [demonic ancestry]
   263 | D:1      | Reached XP level 2. HP: 22/22 MP: 2/2
   780 | D:2      | Gained mutation: You are partially covered in iridescent
                  | scales. (AC +2) [demonic ancestry]
   780 | D:2      | Reached XP level 3. HP: 27/27 MP: 3/3
   830 | D:2      | Reached skill level 4 in Long Blades
   983 | D:2      | Found an ornate altar of the Wu Jian Council.
  1050 | D:2      | Became a worshipper of the Wu Jian Council
  1357 | D:3      | Reached XP level 4. HP: 31/33 MP: 4/4
  1481 | D:3      | Reached skill level 5 in Long Blades
  1717 | D:3      | Reached * piety under Wu Jian
  1754 | D:3      | Found a hide-covered altar of Uskayaw.
  1811 | D:3      | Gained mutation: When hurt, damage is shared between your
                  | health and your magic reserves. [demonic ancestry]
  1811 | D:3      | Reached XP level 5. HP: 38/38 MP: 5/5
  2138 | D:4      | Found Liateiw's Book Shop.
  2225 | D:4      | Reached skill level 6 in Long Blades
  2432 | D:4      | Gained mutation: You have a pair of small horns on your
                  | head. [demonic ancestry]
  2432 | D:4      | Reached XP level 6. HP: 37/44 MP: 6/6
  3112 | D:4      | Reached ** piety under Wu Jian
  3112 | D:4      | Reached skill level 7 in Long Blades
  3535 | D:5      | Entered Level 5 of the Dungeon
  3563 | D:5      | Noticed Grinder
  3567 | D:5      | Paralysed by Grinder for 7 turns
  3580 | D:5      | Killed Grinder
  3580 | D:5      | Reached XP level 7. HP: 49/50 MP: 2/7
  3699 | D:5      | Noticed Menkaure
  3701 | D:5      | Reached skill level 8 in Long Blades
  3707 | D:5      | Killed Menkaure
  3803 | D:5      | Noticed Ijyb
  3807 | D:5      | Killed Ijyb
  4420 | D:5      | Noticed Dowan
  4430 | D:5      | Killed Dowan
  4447 | D:5      | Noticed Duvessa
  4460 | D:5      | Killed Duvessa
  4460 | D:5      | Reached skill level 9 in Long Blades
  4460 | D:5      | Gained mutation: You have a pair of horns on your head.
                  | [demonic ancestry]
  4460 | D:5      | Reached XP level 8. HP: 18/56 MP: 3/8
  4925 | D:6      | Noticed Pikel
  4950 | D:6      | Killed Pikel
  4950 | D:6      | Reached skill level 10 in Long Blades
  5483 | D:6      | Found a staircase to the Ecumenical Temple.
  5536 | D:6      | Reached skill level 11 in Long Blades
  5536 | D:6      | Reached XP level 9. HP: 34/61 MP: 5/9
  6899 | D:7      | Reached skill level 12 in Long Blades
  7319 | D:7      | Found a stormy altar of Qazlal.
  7438 | D:7      | Found a sparkling altar of Nemelex Xobeh.
  7710 | D:8      | Noticed a two-headed ogre
  7720 | D:8      | Killed a two-headed ogre
  7720 | D:8      | Reached skill level 13 in Long Blades
  7720 | D:8      | Gained mutation: You are mostly covered in iridescent
                  | scales. (AC +4) [demonic ancestry]
  7720 | D:8      | Reached XP level 10. HP: 12/67 MP: 1/10
  8021 | D:8      | Found an iron altar of Okawaru.
  8042 | D:8      | Noticed a two-headed ogre
  8053 | D:8      | HP: 3/67 [two-headed ogre/+0 giant spiked club (16)]
  8055 | D:8      | Killed a two-headed ogre
  8789 | D:8      | Found a shimmering altar of Xom.
  8801 | D:8      | Found a blossoming altar of Fedhas.
  8816 | D:8      | Found Zeroh's Distillery.
  8840 | D:8      | Reached skill level 14 in Long Blades
  8844 | D:8      | Reached *** piety under Wu Jian
  9187 | D:8      | Found a snail-covered altar of Cheibriados.
  9247 | D:8      | Found a basalt altar of Yredelemnul.
  9578 | D:9      | Noticed Grum
  9583 | D:9      | Reached skill level 1 in Armour
  9586 | D:9      | Killed Grum
  9596 | D:8      | Slain by a yak

Skill      XL: |  1  2  3  4  5  6  7  8  9 10 |
---------------+-------------------------------+-----
Long Blades    | 3 4 5 6 7 9 11 13 14 | 14.0
Armour         | 1 |  1.5
Dodging        | 3 |  3.2
Fighting       | 3 |  3.4
Throwing       | |  1.7

Action                   |  1- 3 |  4- 6 |  7- 9 | 10-12 || total
-------------------------+-------+-------+-------+-------++-------
Melee: Long sword        |    74 |   137 |   198 |    99 ||   508
       Headbutt          |       |     7 |    49 |    37 ||    93
       War axe           |       |       |       |     5 ||     5
Invok: Lunge             |     1 |    16 |    14 |     3 ||    34
       Whirlwind         |       |       |     1 |     1 ||     2
  Use: Potion            |       |     8 |     1 |     1 ||    10
       Scroll            |       |       |     6 |     1 ||     7
 Stab: Sleeping          |     3 |       |       |       ||     3
  Eat: Chunk             |     1 |     8 |     9 |       ||    18
       Ration            |       |       |     1 |     2 ||     3
Armor: Leather armour    |    13 |       |       |       ||    13
       Scale mail        |    24 |    72 |    64 |    39 ||   199
Dodge: Dodged            |    45 |    70 |    59 |    57 ||   231
       Rpst.: Long sword |    20 |    19 |    18 |    11 ||    68

Levels and vault maps discovered:
D:1:      dpeg_arrival_prison, layout_loops_ring, minmay_pentomino_p4
D:2:      layout_loops_ring, lemuel_crystal_altar, first_ration,
          kennysheep_generic_room_5
D:3:      corexii_shack_village, layout_loops_ring,
          nicolae_overflow_crystal_walls, minmay_checkerbox
D:4:      layout_layer_cave, serial_shops, shop, minivault_23, st_stairs_1,
          solitary_fountain
D:5:      layout_loops_ring, uniq_menkaure, uniq_grinder, uniq_duvessa,
          uniq_ijyb
D:6:      layout_gridville, minmay_temple_entry_purple_smoke,
          minmay_fractal_squares_gapless_5, uniq_pikel
D:7:      layout_loops_ring, nemelex_xobeh_ov_fountains_minmay,
          nicolae_qazlal_style_of_elements, grunt_livestock
D:8:      layout_basic, lemuel_zombie_altar_yredelemnul,
          overflow_temple_1_default, lemuel_doored_altar,
          amethyst_overflow_temple_binary, serial_shops, shop,
          nicolae_lava_and_water, glass_columns_a
D:9:      layout_rooms, lemuel_round_altar, david_lair_generic,
          lemuel_tele_altar, uniq_psyche, uniq_gastronok, uniq_prince_ribbit1,
          uniq_grum, uniq_harold
